 Dungeon Crawl Stone Soup version 0.31-a0-424-g41b3b0883d (webtiles) character file.

Game seed: 12925651610071131032

2107 Ethylacetat the Changeling (level 9, -1/93 HPs)
             Began as an Octopode Shapeshifter on July 30, 2023.
             Was an Initiate of Gozag.
             Slain by a gnoll
             ... wielding a +0 halberd
             ... led by a gnoll sergeant
              (5 damage)
             ... on level 7 of the Dungeon.
             The game lasted 00:13:46 (6372 turns).

Ethylacetat the Changeling (Octopode Shapeshifter)  Turns: 6372, Time: 00:13:47

Health: -1/93      AC: 24    Str: 20    XL:     9   Next: 28%
Magic:  9/9        EV:  2    Int: 14    God:    Gozag
Gold:   528        SH:  0    Dex: 13    Spells: 8/8 levels left

rFire   . .          .
                       - Unarmed
rCold   . . .        (no shield)
rNeg    . . .        (helmet currently unavailable)
rPois   +            (no amulet)
rElec   .            u - ring of flight
rCorr   .            A - +6 ring of strength
SInv    .            (no ring)
Will    .....        (no ring)
Stlth   +            (no ring)
HPRegen 0.35/turn    (no ring)
MPRegen 0.11/turn    (no ring)
                     (no ring)

%: no passive effects
@: confused, tree-form, ambrosia-drunk, gold aura
A: stationary, stasis, torment immunity, boosted hp, almost no armour,
(amphibious), 8 rings, (camouflage 1), (gelatinous body 1), (nimble swimmer 1),
(tentacles)
a: Renounce Religion, Potion Petition, Call Merchant, Bribe Branch


You were on level 7 of the Dungeon.
You worshipped Gozag.
Gozag was pleased with you.
You were a tree.
You visited 2 branches of the dungeon, and saw 8 of its levels.
You also visited: Ossuary.

You collected 711 gold pieces.
You paid 183 gold pieces to Gozag.

Inventory:

Jewellery
 h - a ring of fire
 u - a ring of flight (left branch)
 A - a +6 ring of strength (right branch)
Talismans
 b - a beast talisman
Wands
 i - a wand of roots (1)
 n - a wand of mindburst (17)
 s - a wand of digging (3)
 y - a wand of flame (7)
Scrolls
 a - 2 scrolls of teleportation {unknown}
 e - 9 scrolls of identify {unknown}
 f - a scroll of poison {unknown}
 g - 3 scrolls of noise {unknown}
 k - a scroll of revelation {unknown}
 l - 4 scrolls of enchant weapon {unknown}
 o - 2 scrolls of immolation {unknown}
 v - a scroll of brand weapon {unknown}
 w - a scroll of amnesia {unknown}
 x - a scroll of summoning {unknown}
Potions
 c - a potion of enlightenment
 m - 2 potions of curing
 p - a potion of invisibility {unknown}
 q - a potion of cancellation {unknown}
 r - 2 potions of haste {unknown}
 t - a potion of lignification
 z - a potion of mutation {unknown}


   Skills:
 + Level 5.9 Fighting
 - Level 2.0 Dodging
 + Level 6.6 Unarmed Combat
 * Level 7.8 Shapeshifting


You had 8 spell levels left.
You didn't know any spells.
Your spell library contained the following spells:

 Spells                   Type           Power      Damage    Failure   Level
 Apportation              Tloc           0%         N/A       28%         1
 Magic Dart               Conj           0%         1d3       28%         1
 Necrotise                Necr           0%         1d4       28%         1
 Summon Small Mammal      Summ           0%         N/A       28%         1
 Call Imp                 Summ           0%         N/A       41%         2
 Searing Ray              Conj           0%         2d4       41%         2
 Sublimation of Blood     Necr           0%         N/A       41%         2
 Wereblood                Tmut           0%         N/A       41%         2
 Mephitic Cloud           Conj/Pois/Air  0%         N/A       65%         3
 Portal Projectile        Hex/Tloc       0%         N/A       65%         3
 Tukima's Dance           Hex            0%         N/A       65%         3
 Vhi's Electric Charge    Tloc/Air       0%         N/A       65%         3
 Fulminant Prism          Conj/Hex       0%         3d5       96%         4
 Iskenderun's Mystic Bla  Conj/Tloc      0%         2d3       96%         4
 Arcjolt                  Conj/Air       0%         1d10      100%        5
 Plasma Beam              Fire/Air       0%         2x1d10    100%        6
 Summon Hydra             Summ           0%         N/A       100%        7


Dungeon Overview and Level Annotations

Branches:
Dungeon (7/15)             Temple (1/1) D:6         Ossuary (visited)

Altars:
Ashenzari
Cheibriados
Dithmenos
Elyvilon
Gozag
Hepliaklqana
Kikubaaqudgha
Makhleb
Nemelex Xobeh
Qazlal
Ru
Sif Muna
Trog
Uskayaw
Wu Jian
Xom
Yredelemnul
Zin
The Shining One


Innate Abilities, Weirdness & Mutations

You are a tree.
Your roots penetrate the ground, keeping you stationary.
You cannot be teleported.
You are immune to unholy pain and torment.
Your maximum health is greatly increased.
You cannot wear most types of armour.
((You are amphibious.))
You can wear up to eight rings at the same time.
((Your skin changes colour to match your surroundings (Stealth+).))
((Your rubbery body absorbs attacks. (AC +1, EV +1)))
((You are camouflaged when in or above water. (Stealth+)))
((You have tentacles for arms and can constrict up to eight enemies at once.))


Message History

The water moccasin bites you but does no damage.
Unknown command.
You smack the water moccasin!
You kill the water moccasin!
The gnoll hits you with a +3 flail.
* * * LOW HITPOINT WARNING * * *
The gnoll hits you but does no damage. x2
The gnoll sergeant hits you but does no damage.
You hit the gnoll but do no damage. The gnoll hits you but does no damage.
The gnoll hits you from afar with a +0 halberd.
* * * LOW HITPOINT WARNING * * *
The gnoll hits you but does no damage.
The gnoll hits you from afar with a +0 spear.
* * * LOW HITPOINT WARNING * * *
The gnoll sergeant hits you but does no damage.
You smack the gnoll!
The gnoll is severely wounded.
The gnoll hits you but does no damage.
The gnoll hits you from afar with a +0 halberd.
* * * LOW HITPOINT WARNING * * *
The gnoll hits you but does no damage. x2
The gnoll sergeant hits you but does no damage.
You hit the gnoll.
The gnoll is moderately wounded.
The gnoll hits you with a +3 flail.
* * * LOW HITPOINT WARNING * * *
The gnoll hits you from afar with a +0 halberd!
* * * LOW HITPOINT WARNING * * *
The gnoll hits you with a +0 flail.
* * * LOW HITPOINT WARNING * * *
The gnoll hits you but does no damage.
The gnoll sergeant hits you from afar with a +0 spear.
* * * LOW HITPOINT WARNING * * *
You miss the gnoll.
The gnoll is severely wounded.
The gnoll hits you with a +3 flail!
* * * LOW HITPOINT WARNING * * *
The gnoll hits you from afar with a +0 halberd.
You die...
Your body crumbles into a pile of gold. ##.##........# #.# ..#. #.###########.# #... #.# #.....#.# #....#.# #.###.#.##### .....#. #.#.#.#...... . ..... #.#.......... #.. .gg

#.#.#.#......
#..#.#####.#.#.#...)).
#..gg♣...#.#.#.#....).
......g###...#...#...)).
....... #...#####......
#.#.....................
# #.##.############.....
#. .. #..... . .. #.....
# ## ######


You could see a gnoll sergeant and 4 gnolls.

Vanquished Creatures
  Grinder (D:5)
  Prince Ribbit (D:6)
  Eustachio (D:5)
  Menkaure (D:5)
  A water moccasin (D:7)
  Duvessa (D:7)
  A sky beast (D:6)
  A phantom (D:6)
  4 scorpions
  Dowan (D:7)
  2 orc priests (D:7)
  2 hounds
  2 jellies
  2 sleepcaps (D:6)
  3 iguanas
  5 orc wizards
  8 mummies (Ossuary)
  3 gnolls (D:6)
  14 adders
  An ufetubus (D:5)
  A worm (D:3)
  5 dart slugs
  2 orcs
  9 ball pythons
  6 bats
  9 endoplasms
  2 giant cockroaches
  5 goblins
  8 hobgoblins
  7 jackals
  4 quokkas
  6 frilled lizards
  2 hobgoblin zombies (Ossuary)
  3 kobolds
  A kobold zombie (Ossuary)
  5 orc zombies (Ossuary)
  3 rats
133 creatures vanquished.

Notes
Turn   | Place    | Note
-------+----------+-------------------------------------------
     0 | D:1      | Ethylacetat the Octopode Shapeshifter began the quest for
                  | the Orb.
     0 | D:1      | Reached XP level 1. HP: 13/13 MP: 1/1
   220 | D:1      | Reached XP level 2. HP: 18/18 MP: 2/2
   651 | D:1      | Reached XP level 3. HP: 23/23 MP: 3/3
  1127 | D:2      | Reached XP level 4. HP: 27/29 MP: 4/4
  1492 | D:2      | Identified the +0 helmet "Ydiorph" {Harm MP+9 Str+3 Slay+2}
  1951 | D:3      | Reached skill level 4 in Shapeshifting
  1951 | D:3      | Noticed a scorpion
  1954 | D:3      | Reached XP level 5. HP: 22/35 MP: 5/5
  2048 | D:3      | Reached XP level 6. HP: 28/41 MP: 6/6
  2190 | D:3      | Found a faded altar of an unknown god.
  2883 | D:4      | Found a hide-covered altar of Uskayaw.
  2883 | D:4      | Found a hazy altar of Hepliaklqana.
  2890 | D:4      | Reached skill level 5 in Shapeshifting
  2956 | D:4      | Found a sand-covered staircase.
  2978 | Ossuary  | Entered an ossuary
  3051 | Ossuary  | Reached XP level 7. HP: 43/46 MP: 7/7
  3687 | D:5      | Entered Level 5 of the Dungeon
  3814 | D:5      | Reached skill level 5 in Unarmed Combat
  3962 | D:5      | Noticed Grinder
  3968 | D:5      | Killed Grinder
  3969 | D:5      | Reached skill level 6 in Shapeshifting
  3969 | D:5      | Reached XP level 8. HP: 44/54 MP: 8/8
  4119 | D:5      | Noticed Eustachio
  4130 | D:5      | Killed Eustachio
  4355 | D:5      | Noticed Menkaure
  4360 | D:5      | HP: 2/54 [Menkaure (22)]
  4361 | D:5      | Killed Menkaure
  4713 | D:6      | Noticed Prince Ribbit
  4737 | D:6      | Killed Prince Ribbit
  4738 | D:6      | Reached skill level 5 in Fighting
  4921 | D:6      | Reached skill level 7 in Shapeshifting
  5110 | D:6      | Found a staircase to the Ecumenical Temple.
  5138 | Temple   | Entered the Ecumenical Temple
  5145 | Temple   | Became a worshipper of Gozag Ym Sagoz the Greedy
  5312 | D:6      | Reached XP level 9. HP: 35/61 MP: 9/9
  5811 | D:7      | Noticed Dowan
  5817 | D:7      | Killed Dowan
  5817 | D:7      | Noticed Duvessa
  5830 | D:7      | Killed Duvessa
  6372 | D:7      | HP: 4/93 [gnoll/+3 flail[a gnoll sergeant] (9)]
  6372 | D:7      | Slain by a gnoll

Illustrated notes

Levels and vault maps discovered:
D:1:      dpeg_arrival_radiant, layout_loops_corners
D:2:      layout_loops_corners
D:3:      layout_basic, shapermc_ecumenical_altar_notcrosses
D:4:      layout_cave_pools, gammafunk_temple_overflow_pools,
          nicolae_ossuary_entry_ruins, minmay_misc_feat_iff, kennysheep_diamond
D:5:      nicolae_cairo_tiling_very_big, layout_gridville,
          kennysheep_pointless_box, uniq_grinder, uniq_menkaure, uniq_eustachio
D:6:      layout_rooms, temple_pool_b, serial_aquarium, aquarium_bridge_square
          [aquarium_subvault_window, aquarium_subvault_window,
          aquarium_subvault_bridge, aquarium_subvault_wall],
          aquarium_bridge_long_separate [aquarium_subvault_bridge,
          aquarium_subvault_window, aquarium_subvault_bridge,
          aquarium_subvault_bridge, aquarium_subvault_bridge,
          aquarium_subvault_bridge], aquarium_window_corridor_2,
          aquarium_window_2, aquarium_window_2, aquarium_window_1,
          aquarium_view_2d, eino_tiny_chamber, grunt_decor_junction,
          uniq_prince_ribbit1
D:7:      layout_basic, uniq_duvessa
Temple:   sentei_temple_godly_chess

Skill      XL: |  1  2  3  4  5  6  7  8 |
---------------+-------------------------+-----
Fighting       | 2 3 4 5 |  5.9
Shapeshifting  | 4 5 6 7 |  7.8
Unarmed Combat | 4 5 6 |  6.6
Dodging        | |  2.0

Action                     |  1- 3 |  4- 6 |  7- 9 || total
---------------------------+-------+-------+-------++-------
  Melee: Unarmed           |    48 |       |    19 ||    67
         Constrict         |    13 |    24 |    29 ||    66
         Tentacles         |     8 |    17 |    42 ||    67
         Punch             |     3 |     4 |     6 ||    13
         Short sword       |    15 |   112 |   136 ||   263
  Evoke: Wand              |       |       |     2 ||     2
    Use: Potion            |       |     4 |     4 ||     8
   Stab: Sleeping          |    10 |     8 |     6 ||    24
 Armour: Skin              |     6 |    47 |    46 ||    99
  Dodge: Dodged            |    34 |    30 |    54 ||   118

Table legend: (Time is in decaauts)
 A = Elapsed time spent in this place.
 B = Non-inter-level travel time spent in this place.
 C = Inter-level travel time spent in this place.
 D = Time resting spent in this place.
 E = Time spent auto-exploring this place.
 F = Levels seen in this place.
 G = Mean time per level.
                   A        B        C        D        E       F      G
               +--------+--------+--------+--------+--------+-----+--------+
         Total |   6282 |   6145 |    137 |    177 |   4917 |   9 |  698.0 |
       Dungeon |   6040 |   5903 |    137 |    177 |   4888 |   7 |  862.9 |
        Temple |     14 |     14 |      0 |      0 |      0 |   1 |   14.0 |
       Ossuary |    227 |    227 |      0 |      0 |     29 |   1 |  227.0 |
               +--------+--------+--------+--------+--------+-----+--------+

Top non-repeatable levels by time:
     D:6: 1062 daAuts
     D:3: 1031 daAuts
     D:5: 1015 daAuts
     D:1: 915 daAuts
     D:2: 833 daAuts
     D:4: 622 daAuts
     D:7: 559 daAuts
 Ossuary: 227 daAuts
  Temple: 14 daAuts
